 Dungeon Crawl Stone Soup version 0.20.1-1-g8b1a95d (webtiles) character file.

1045 Charly the Geomancer (level 8, -1/36 HPs)
             Began as a Vine Stalker Earth Elementalist on July 23, 2017.
             Was an Initiate of Ashenzari.
             Slain by a bullfrog (2 damage)
             ... on level 8 of the Dungeon.
             The game lasted 00:18:06 (1170 turns).

Charly the Geomancer (VSEE)                         Turns: 1170, Time: 00:18:07

Health: -1/36      AC:  0    Str: 10    XL:     8   Next: 25%
Magic:  0/15       EV: 12    Int: 20    God:    Ashenzari [......]
Gold:   48         SH:  0    Dex: 18    Spells: 4/15 levels left

rFire    . . .     SeeInvis .   (no weapon)
rCold    . . .     Gourm    .   (no shield)
rNeg     . . .     Faith    .   (no armour)
rPois    .         Spirit   +   (no helmet)
rElec    .         Reflect  .   (no cloak)
rCorr    .         Harm     .   (no gloves)
MR       ++...                  (no boots)
Stlth    ++........             (no amulet)
Regen    0.6/turn               f - +5 ring of intelligence (curse)
MPRegen  0.2/turn               g - ring of protection from magic (curse)

@: no status effects
A: fangs 3, regeneration 1, magic shield, antimagic bite, no potion heal 3, rot
immunity
a: Curse Item, Renounce Religion


You were on level 8 of the Dungeon.
You worshipped Ashenzari.
Ashenzari was noncommittal.
You were not hungry.

You visited 1 branch of the dungeon, and saw 9 of its levels.
You also visited: Bailey.

You collected 48 gold pieces.

Inventory:

Missiles
 b - 70 stones (quivered)
Armour
 c - a +0 robe
 s - the +6 chain mail of Parts Unknown {rF+ Int+6}
   (You found it on level 8 of the Dungeon)

   It affects your intelligence (+6).
   It protects you from fire.
Jewellery
 f - a cursed +5 ring of intelligence (left hand)
 g - a cursed ring of protection from magic (right hand)
Scrolls
 h - 2 scrolls of amnesia {unknown}
 l - a scroll of immolation {unknown}
 m - a scroll of random uselessness {unknown}
 o - a scroll of enchant weapon {unknown}
 q - a scroll of blinking {unknown}
 t - a scroll of teleportation {unknown}
 u - 2 scrolls of remove curse
Potions
 i - a potion of curing
 j - a potion of might
 k - a potion of lignification {unknown}
 n - a potion of heal wounds {unknown}
 p - a potion of haste {unknown}
Books
 e - a book of Geomancy

   Spells                             Type                      Level
   a - Sandblast                      Earth                        1
   b - Passwall                       Transmutation/Earth          2
   c - Stone Arrow                    Conjuration/Earth            3
   d - Petrify                        Transmutation/Earth          4
   e - Lee's Rapid Deconstruction     Earth                        5
 r - a book of Minor Magic

   Spells                             Type                      Level
   a - Magic Dart                     Conjuration                  1
   b - Blink                          Translocation                2
   c - Call Imp                       Summoning                    2
   d - Slow                           Hexes                        2
   e - Conjure Flame                  Conjuration/Fire             3
   f - Mephitic Cloud                 Conjuration/Poison/Air       3
Comestibles
 a - 3 meat rations
 d - 4 bread rations


   Skills:
 - Level 1.5 Dodging
 - Level 2.4 Stealth
 - Level 4.0 Spellcasting
 - Level 3.2 Conjurations
 - Level 1.0 Transmutations
 + Level 8.5 Earth Magic


You had 4 spell levels left.
You knew the following spells:

 Your Spells              Type           Power        Failure   Level  Hunger
a - Stone Arrow           Conj/Erth      ####..       3%          3    ###....
b - Sandblast             Erth           #####.       1%          1    None
c - Passwall              Tmut/Erth      ###.......   2%          2    #......
d - Lee's Rapid Deconstr  Erth           #####.....   11%         5    ######.


Dungeon Overview and Level Annotations

Branches:
Dungeon (9/15)
 Temple: D:4-7         Lair: D:8-11         Orc: D:9-12

Altars:
Ashenzari
Fedhas
Kikubaaqudgha
Nemelex Xobeh

Annotations:
D:4 tmwrnj's ghost, amateur HOFi


Innate Abilities, Weirdness & Mutations

You have razor-sharp teeth.
Your natural rate of healing is unusually fast.
When hurt, damage is shared between your health and your magic reserves.
Your bite disrupts and absorbs the magic of your enemies.
Potions cannot restore your health.
You are immune to rotting.


Message History

You barely miss the bullfrog.
You bite the bullfrog, but do no damage.
The bullfrog is severely wounded.
The bullfrog misses you.
You hit the bullfrog. Your bite misses the bullfrog.
The bullfrog is almost dead.
The bullfrog hits you!
* * * LOW HITPOINT WARNING * * *
The bullfrog barely misses you.
You closely miss the bullfrog. Your bite misses the bullfrog.
The bullfrog is almost dead.
The bullfrog hits you.
* * * LOW HITPOINT WARNING * * *
You hit the bullfrog but do no damage. You bite the bullfrog.
You drain its power.
You feel invigorated.
The bullfrog is almost dead.
The bullfrog hits you.
* * * LOW HITPOINT WARNING * * *
The bullfrog hits you.
You die...

### ..# ##..## ..### #..
##....# ....### #..##
#.....## ......#####
#..## #......#
##........#####..##
#.....#
.###..............##
#....# .#
###.....รท.......###....#
. ###.........>..###...#
##.......@....##..##
###......F...#..##
##[..........## .##
##........###
....######......#
.................#
................##
#...............#
#..............##


You could see a bullfrog.

Vanquished Creatures
  An ice beast (D:6)
  A sky beast (D:8)
  A phantom (D:6)
  An ogre (D:7)
  4 centaurs
  A crimson imp (D:8)
  2 hounds
  A centaur skeleton (D:6)
  A jelly (D:5)
  2 orc priests (D:8)
  An iguana (D:6)
  3 worker ants
  An orc wizard (D:8)
  A hound skeleton (D:5)
  An adder (D:8)
  2 oozes
  A dart slug (D:1)
  An orc (D:8)
  2 ball pythons
  A bat (D:1)
  2 giant cockroaches
  A goblin (D:1)
  6 hobgoblins
  A jackal (D:7)
  A kobold (D:2)
  A quokka (D:8)
  A quokka skeleton (D:6)
  2 rats (D:1)
44 creatures vanquished.

Notes
Turn   | Place    | Note
-------+----------+-------------------------------------------
     0 | D:1      | Charly the Vine Stalker Earth Elementalist began the quest for the Orb.
     0 | D:1      | Reached XP level 1. HP: 9/9 MP: 4/4
    87 | D:1      | Reached XP level 2. HP: 9/13 MP: 3/6
   241 | D:2      | Found a blossoming altar of Fedhas.
   272 | D:2      | Reached skill level 4 in Earth Magic
   273 | D:2      | Found a sparkling altar of Nemelex Xobeh.
   277 | D:2      | Reached XP level 3. HP: 16/16 MP: 3/7
   312 | D:3      | Found a shattered altar of Ashenzari.
   320 | D:3      | Became a worshipper of Ashenzari the Shackled
   345 | D:5      | Entered Level 5 of the Dungeon
   351 | D:5      | Learned a level 2 spell: Passwall
   355 | D:5      | Learned a level 3 spell: Stone Arrow
   360 | D:5      | Reached skill level 1 in Conjurations
   360 | D:5      | Gained mutation: Your natural rate of healing is unusually fast. [Vine Stalker growth]
   360 | D:5      | Reached XP level 4. HP: 21/21 MP: 3/8
   397 | D:4      | Found an ancient bone altar of Kikubaaqudgha.
   397 | D:4      | Noticed tmwrnj's ghost (amateur HOFi)
   424 | D:6      | Reached skill level 5 in Earth Magic
   424 | D:6      | Reached XP level 5. HP: 7/24 MP: 0/9
   458 | D:6      | Noticed an ice beast
   462 | D:6      | Noticed a phantom
   524 | D:6      | Killed a phantom
   524 | D:6      | Reached XP level 6. HP: 23/28 MP: 2/11
   564 | D:6      | Killed an ice beast
   619 | D:7      | Found a flagged portal.
   629 | Bailey   | Entered a bailey
   629 | Bailey   | Noticed an orc warrior
   629 | Bailey   | Noticed an orc warrior
   629 | Bailey   | Noticed an orc knight
   666 | D:7      | Reached skill level 6 in Earth Magic
   674 | D:7      | Learned a level 5 spell: Lee's Rapid Deconstruction
   702 | D:7      | Reached XP level 7. HP: 10/32 MP: 0/12
   778 | D:8      | Reached skill level 7 in Earth Magic
   982 | D:8      | Got the uncursed chain mail of Parts Unknown {rF+ Int+6}
   993 | D:8      | Identified the +6 chain mail of Parts Unknown {rF+ Int+6} (You found it on level 8 of the Dungeon)
  1100 | D:8      | Reached skill level 8 in Earth Magic
  1100 | D:8      | Gained mutation: You have razor-sharp teeth. [Vine Stalker growth]
  1100 | D:8      | Reached XP level 8. HP: 36/36 MP: 3/15
  1170 | D:8      | HP: 1/36 [bullfrog (2)]
  1170 | D:8      | Slain by a bullfrog

Skill      XL: |  1  2  3  4  5  6  7 |
---------------+----------------------+-----
Earth Magic    | 4 5 6 8 |  8.5
Conjurations   | 1 2 3 |  3.2
Spellcasting   | 3 4 |  4.0
Dodging        | |  1.5
Stealth        | |  2.4
Transmutations | |  1.0

Action                   |  1- 3 |  4- 6 |  7- 9 || total
-------------------------+-------+-------+-------++-------
Melee: Unarmed           |     2 |    20 |    21 ||    43
       Bite              |       |     5 |     7 ||    12
 Cast: Sandblast         |    22 |    30 |    32 ||    84
       Stone Arrow       |       |     3 |     4 ||     7
       Lee's Rapid Decon |       |       |     1 ||     1
Invok: Curse Item        |     1 |       |     1 ||     2
  Use: Scroll            |       |     2 |       ||     2
  Eat: Chunk             |       |       |     2 ||     2
Armor: Robe              |     1 |     7 |     2 ||    10
Dodge: Dodged            |     5 |    14 |    18 ||    37
